 Dungeon Crawl Stone Soup version 0.28.0-53-g5a82cb258f (webtiles) character file.

Game seed: 4740644516131500800

190 mcbry74 the Chopper (level 5, -2/45 HPs)
             Began as a Hill Orc Fighter on June 25, 2022.
             Slain by an orc
             ... wielding a +0 club
              (4 damage)
             ... on level 3 of the Dungeon.
             The game lasted 00:04:54 (2468 turns).

mcbry74 the Chopper (Hill Orc Fighter)              Turns: 2468, Time: 00:04:54

Health: -2/45      AC:  7    Str: 19    XL:     5   Next: 69%
Magic:  5/5        EV: 10    Int: 10    God:
Gold:   67         SH:  4    Dex: 10    Spells: 4/4 levels left

rFire   . . .      SeeInvis .   a - +0 war axe
rCold   . . .      Faith    .   c - +0 buckler
rNeg    . . .      Spirit   .   o - +0 ring mail {rPois}
rPois   +          Reflect  .   p - +0 helmet
rElec   .          Harm     .   (no cloak)
rCorr   .          Rampage  .   (no gloves)
Will    .....                   (no boots)
Stlth   ..........              (no amulet)
HPRegen 0.15/turn               (no ring)
MPRegen 0.09/turn               (no ring)

@: no status effects
A: no striking features
a: no special abilities


You were on level 3 of the Dungeon.
You visited 1 branch of the dungeon, and saw 3 of its levels.

You collected 67 gold pieces.

Inventory:

Hand Weapons
 a - a +0 war axe (weapon)
 n - a +3 hunting sling
Missiles
 l - 10 poisoned darts (quivered)
Armour
 b - a +0 scale mail
 c - a +0 buckler (worn)
 o - a +0 ring mail of poison resistance (worn)
 p - a +0 helmet (worn)
Scrolls
 f - a scroll of holy word {unknown}
 h - a scroll of fog {unknown}
 m - a scroll of identify {unknown}
Potions
 d - a potion of might
 e - 2 potions of heal wounds {unknown}
 g - a potion of mutation {unknown}
 i - a potion of berserk rage {unknown}
 j - a potion of magic {unknown}
 k - a potion of cancellation {unknown}


   Skills:
 - Level 3.6 Fighting
 * Level 5.7 Axes
 + Level 4.4 Armour
 + Level 4.3 Shields


You had 4 spell levels left.
You didn't know any spells.
Your spell library was empty.

Dungeon Overview and Level Annotations

Branches:
Dungeon (3/15)

Altars:

Shops:
D:1 (


Message History

You hit the orc.
The orc is heavily wounded.
The orc barely misses you.
You barely miss the orc.
The orc is heavily wounded.
The orc hits you but does no damage. The orc hits you with a +0 flail.
You hit the orc.
You kill the orc!
The orc priest invokes the aid of Beogh against you.
Beogh smites you!
You hear a shout!
You slash the orc!
You kill the orc!
You hit the orc priest.
The orc priest is moderately wounded.
The orc priest shouts, "Join the one true god or die!"
The orc priest misses you.
The orc priest hits you but does no damage.
You hit the orc priest.
The orc priest is heavily wounded.
The orc priest threatens, "By the altar or by the axe, you will meet Beogh!"
The orc priest hits you with a +0 flail!
* * * LOW HITPOINT WARNING * * *
You closely miss the orc priest.
The orc priest is heavily wounded.
You block the orc priest's attack.
You hit the orc priest but do no damage.
The orc priest is heavily wounded.
The orc priest hits you with a +0 flail!
* * * LOW HITPOINT WARNING * * *
An orc comes into view. It is wielding a +0 club.
The orc priest barely misses you.
You closely miss the orc priest.
The orc priest is heavily wounded.
The orc priest shouts, "Surrender to Beogh and we'll let you live!"
The orc priest hits you but does no damage.
You slash the orc priest!
You kill the orc priest!
The orc hits you with a +0 club.
You die...

# #[#.#.
##..#####
.#.#...###..#
###... #.....# #
#[#.#.# #.#...#
.##.#.#.##.....#
..#J#.#..###..#
#.#.#.#...#..#
#.#.#.)###..#
#.#.##@....#
#.#o#.#o#...#
#.oo###.. ..#
...#.#. .### .#
#.#.#= $#. # #
..## ... .. ...
.. ###


You could see an orc.

Vanquished Creatures
  An orc priest (D:3)
  Terence (D:2)
  Natasha (thrice) (D:2)
  3 adders
  A dart slug (D:1)
  3 orcs (D:3)
  3 ball pythons
  3 bats (D:1)
  7 endoplasms
  A giant cockroach (D:1)
  5 goblins
  5 hobgoblins
  5 jackals (D:2)
  2 quokkas (D:2)
  3 frilled lizards
  7 kobolds
  4 rats (D:1)
57 creatures vanquished.

Notes
Turn   | Place    | Note
-------+----------+-------------------------------------------
     0 | D:1      | mcbry74 the Hill Orc Fighter began the quest for the Orb.
     0 | D:1      | Reached XP level 1. HP: 19/19 MP: 1/1
    21 | D:1      | Reached skill level 3 in Axes
    59 | D:1      | Reached XP level 2. HP: 24/26 MP: 2/2
    81 | D:1      | Found Widin's Weapon Shop.
   817 | D:2      | Reached XP level 3. HP: 30/31 MP: 3/3
   974 | D:2      | Reached skill level 4 in Axes
  1079 | D:2      | Noticed Terence
  1088 | D:2      | Killed Terence
  1089 | D:2      | Reached XP level 4. HP: 23/39 MP: 4/4
  1415 | D:2      | Noticed Natasha
  1421 | D:2      | Killed Natasha
  1471 | D:2      | Noticed Natasha
  1488 | D:2      | Killed Natasha
  1489 | D:2      | Reached skill level 5 in Axes
  1489 | D:2      | Reached XP level 5. HP: 6/45 MP: 5/5
  1572 | D:2      | Noticed Natasha
  1777 | D:2      | Killed Natasha
  2466 | D:3      | HP: 2/45 [orc priest/+0 flail (9)]
  2468 | D:3      | Slain by an orc

Illustrated notes

Levels and vault maps discovered:
D:1:      lightli_arrival_noodles, layout_rooms, serial_shops,
          nicolae_shop_bloodbath_and_beyond, chequers_serial_rivers_small_3
D:2:      layout_basic, uniq_terence, uniq_natasha
D:3:      minmay_skewed_foursquare, layout_basic, minmay_starry_boxes

Skill      XL: |  1  2  3  4 |
---------------+-------------+-----
Axes           | 3 4 5 |  5.7
Armour         | 4 |  4.4
Shields        | 4 |  4.3
Fighting       | |  3.6

Action                   |  1- 3 |  4- 6 || total
-------------------------+-------+-------++-------
Melee: War axe           |    80 |   112 ||   192
Throw: Dart              |     2 |       ||     2
Armor: Scale mail        |    37 |     2 ||    39
       Ring mail         |       |    46 ||    46
Dodge: Dodged            |    46 |    59 ||   105
Block: Buckler           |    22 |    21 ||    43
